 Dungeon Crawl Stone Soup version 0.25-a0-566-g062765be81 (webtiles) character file.

Game seed: 18034522717988367371, levelgen mode: deterministic

898 Flugslaktarn the Chopper (level 7, -1/66 HPs)
             Began as a Deep Dwarf Fighter on Feb 28, 2020.
             Was a Follower of Makhleb.
             Slain by a two-headed ogre
             ... wielding a +0 great mace
              (14 damage)
             ... on level 6 of the Dungeon.
             The game lasted 00:01:53 (1762 turns).

Flugslaktarn the Chopper (Deep Dwarf Fighter)       Turns: 1762, Time: 00:01:54

Health: -1/66      AC: 12    Str: 21    XL:     7   Next: 79%
Magic:  7/7        EV:  5    Int:  9    God:    Makhleb [*.....]
Gold:   205        SH: 10    Dex: 12    Spells: 6/6 levels left

rFire    . . .     SeeInvis .   a - +0 war axe
rCold    . . .     Gourm    .   c - +0 kite shield
rNeg     . . .     Faith    .   h - +0 chain mail
rPois    .         Spirit   .   g - +0 helmet
rElec    .         Reflect  .   (no cloak)
rCorr    .         Harm     .   (no gloves)
MR       +....                  j - +0 pair of boots
Stlth    ..........             (no amulet)
HPRegen  0.00/turn              (no ring)
MPRegen  0.10/turn              (no ring)

@: non-regenerating
A: damage resistance, heal wounds, sense surroundings 1, no regeneration
a: Heal Wounds, Renounce Religion


You were on level 6 of the Dungeon.
You worshipped Makhleb.
Makhleb was aware of your devotion.
You were not hungry.

You visited 2 branches of the dungeon, and saw 7 of its levels.

You collected 205 gold pieces.

Inventory:

Hand Weapons
 a - a +0 war axe (weapon)
Armour
 c - a +0 kite shield (worn)
 g - a +0 helmet (worn)
   (You found it on level 2 of the Dungeon)
 h - a +0 chain mail (worn)
   (You found it on level 6 of the Dungeon)
 j - a +0 pair of boots (worn)
   (You found it on level 2 of the Dungeon)
Wands
 f - a wand of acid (9)
   (You found it on level 4 of the Dungeon)
 s - a wand of iceblast (12)
   (You found it on level 5 of the Dungeon)
Potions
 d - 2 potions of might
 k - a potion of magic {unknown}
 l - 2 potions of lignification
 o - a potion of brilliance {unknown}
 q - 3 potions of curing
 t - a potion of mutation {unknown}
 x - a potion of heal wounds {unknown}
 z - a potion of haste {unknown}
Comestibles
 e - 10 rations


   Skills:
 + Level 4.3 Fighting
 * Level 6.0 Axes
 + Level 5.2 Armour
 + Level 5.1 Shields
 + Level 3.9 Invocations


You had 6 spell levels left.
You didn't know any spells.
Your spell library was empty.

Dungeon Overview and Level Annotations

Branches:
Dungeon (6/15)             Temple (1/1) D:4

Altars:
Ashenzari
Cheibriados
Dithmenos
Fedhas
Gozag
Hepliaklqana
Kikubaaqudgha
Makhleb
Qazlal
Sif Muna
Trog
Uskayaw
Vehumet
Wu Jian
Xom
Yredelemnul
Zin
The Shining One

Shops:
D:5 [


Innate Abilities, Weirdness & Mutations

You are resistant to damage.
You can heal yourself by infusing magical energy.
You passively map a small area around you.
You do not regenerate.


Message History

You are too injured to fight recklessly!
You are too injured to fight recklessly!
You are too injured to fight recklessly!
You are too injured to fight recklessly!
You are too injured to fight recklessly!
You are too injured to fight recklessly!
You are too injured to fight recklessly!
You are too injured to fight recklessly!
You feel much better.
The two-headed ogre hits you with a +0 great mace!!
You block the two-headed ogre's attack.
You feel much better.
The two-headed ogre hits you with a +0 great mace!
The two-headed ogre hits you with a cursed +0 giant club!
You hit the two-headed ogre.
The two-headed ogre is almost dead.
The two-headed ogre hits you with a +0 great mace!
* * * LOW HITPOINT WARNING * * *
The two-headed ogre hits you with a cursed +0 giant club!!
You die...

,, ..., * , ,.y#**
* * *#.# #y# , ,,
######y##########
,
........yy........
.#####.##y########
* * * #.*#O# * **
#.##@# #.##.#
#.##.# ****#.##.#
, , #.##.### * ***
#.#.≈≈≈## , *
#..≈≈≈≈≈##**
,#..≈≈.≈≈_#
##.≈≈≈≈≈##


You could see a two-headed ogre and 3 killer bees.

Vanquished Creatures
  Eustachio (D:5)
  A necrophage (D:6)
  2 centaurs (D:5)
  A bullfrog (D:6)
  Blork the orc (D:5)
  A crimson imp (D:4)
  A bullfrog skeleton (D:5)
  A jelly (D:4)
  A gnoll shaman (D:5)
  Ijyb (D:5)
  An iguana (D:5)
  A worker ant (D:4)
  6 gnolls
  A worker ant zombie (D:5)
  3 adders
  9 oozes
  An adder zombie (D:6)
  An adder skeleton (D:5)
  A worm (D:5)
  2 dart slugs
  3 leopard geckos (D:2)
  2 orcs
  A bat (D:3)
  A giant cockroach (D:3)
  4 goblins
  5 hobgoblins
  A quokka (D:4)
  A frilled lizard (D:1)
  A goblin zombie (D:4)
  8 kobolds
  A kobold skeleton (D:4)
  A kobold zombie (D:4)
  A leopard gecko zombie (D:6)
  2 orc skeletons (D:4)
  2 orc zombies (D:4)
  A quokka skeleton (D:5)
  6 rats
78 creatures vanquished.

Vanquished Creatures (others)
  A fungus (D:4)
  4 toadstools (D:4)
5 creatures vanquished.

Grand Total: 83 creatures vanquished

Notes
Turn   | Place    | Note
-------+----------+-------------------------------------------
     0 | D:1      | Flugslaktarn the Deep Dwarf Fighter began the quest for the
                  | Orb.
     0 | D:1      | Reached XP level 1. HP: 20/20 MP: 1/1
    40 | D:1      | You fall into a shaft and drop 1 floor!
    52 | D:2      | Reached XP level 2. HP: 16/27 MP: 2/2
    69 | D:2      | Found an ancient bone altar of Kikubaaqudgha.
   175 | D:2      | Found a bloodstained altar of Trog.
   206 | D:2      | Reached skill level 3 in Axes
   206 | D:2      | Reached XP level 3. HP: 30/33 MP: 3/3
   266 | D:3      | Found an ornate altar of the Wu Jian Council.
   443 | D:4      | Found a glowing golden altar of the Shining One.
   447 | D:4      | Reached XP level 4. HP: 33/42 MP: 4/4
   457 | D:4      | Found a staircase to the Ecumenical Temple.
   464 | Temple   | Entered the Ecumenical Temple
   525 | Temple   | Became a worshipper of Makhleb the Destroyer
   664 | D:4      | Reached skill level 1 in Invocations
   664 | D:4      | Reached XP level 5. HP: 31/49 MP: 5/5
   665 | D:4      | Reached skill level 4 in Axes
  1095 | D:5      | Entered Level 5 of the Dungeon
  1097 | D:5      | Noticed Blork the orc
  1100 | D:5      | Noticed Eustachio
  1113 | D:5      | Killed Blork the orc
  1113 | D:5      | Reached XP level 6. HP: 30/57 MP: 6/6
  1177 | D:5      | Killed Eustachio
  1206 | D:5      | Reached skill level 5 in Axes
  1248 | D:5      | Noticed Ijyb
  1274 | D:5      | Killed Ijyb
  1293 | D:5      | Found Pyddakh's Antique Armour Boutique.
  1306 | D:5      | Found a blossoming altar of Fedhas.
  1306 | D:5      | Found a glowing silver altar of Zin.
  1307 | D:5      | Found a shadowy altar of Dithmenos.
  1373 | D:5      | Reached * piety under Makhleb
  1387 | D:5      | Reached XP level 7. HP: 55/64 MP: 7/7
  1415 | D:5      | Found a hide-covered altar of Uskayaw.
  1477 | D:5      | Reached skill level 5 in Armour
  1533 | D:5      | Reached skill level 5 in Shields
  1680 | D:6      | Reached skill level 6 in Axes
  1710 | D:6      | Found a snail-covered altar of Cheibriados.
  1742 | D:6      | Noticed a two-headed ogre
  1762 | D:6      | Slain by a two-headed ogre

Levels and vault maps discovered:
D:1:      elethiomel_arrival_fortress_basement, layout_basic
D:2:      layout_rooms, kiku_gazebo_garden_becter,
          chequers_ecumenical_altar_island, minmay_misc_feat_four_crosses,
          trog_butcher_becter
D:3:      layout_loops_ring, marbit_many_paths, nicolae_overflow_hidden_temple,
          lemuel_doored_altar, minivault_27, hangedman_feature_mirror,
          kennysheep_generic_room_16
D:4:      cheibrodos_fertilizer, layout_basic, nicolae_tso_besieged_by_evil,
          minmay_temple_entry_gardened_gates, first_ration
D:5:      layout_rooms, chequers_temple_overflow_statue_of_worship,
          lemuel_round_altar, serial_shops, nicolae_shop_statue_plus,
          uniq_eustachio, uniq_blork_the_orc, uniq_ijyb
D:6:      layout_loops_ring, kennysheep_slug_shrine, nicolae_evil_shop
Temple:   dpeg_three_leaves_temple

Skill      XL: |  1  2  3  4  5  6  7 |
---------------+----------------------+-----
Axes           | 3 4 5 6 |  6.0
Fighting       | 3 4 |  4.3
Armour         | 4 5 |  5.2
Shields        | 4 5 |  5.1
Invocations    | 1 2 3 |  3.9

Action                   |  1- 3 |  4- 6 |  7- 9 || total
-------------------------+-------+-------+-------++-------
Melee: War axe           |    90 |   166 |    57 ||   313
 Abil: Heal Wounds       |     1 |     6 |     4 ||    11
  Use: Scroll            |       |       |     9 ||     9
  Eat: Ration            |       |     1 |       ||     1
Armor: Scale mail        |    48 |   188 |    27 ||   263
       Chain mail        |       |       |     9 ||     9
Dodge: Dodged            |    22 |   120 |    18 ||   160
Block: Kite shield       |    50 |   135 |    43 ||   228

Table legend:
 A = Non-vault XP
 B = Vault XP
 C = Vault XP percentage of total XP
 D = Non-vault monster count
 E = Vault monster count
 F = Vault count percentage of total count
                 A         B        C        D         E       F
            +---------+---------+-------+---------+---------+-------
      Total |     778 |     505 |  39.4 |      45 |      33 |  42.3
            +---------+---------+-------+---------+---------+-------
        D:1 |       4 |       0 |   0.0 |       3 |       0 |   0.0
        D:2 |      31 |       8 |  20.5 |       8 |       4 |  33.3
        D:3 |      20 |      17 |  45.9 |      11 |       2 |  15.4
        D:4 |      62 |     162 |  72.3 |       4 |      23 |  85.2
        D:5 |     445 |     314 |  41.4 |      15 |       3 |  16.7
        D:6 |     216 |       4 |   1.8 |       4 |       1 |  20.0
            +---------+---------+-------+---------+---------+-------
